 Dungeon Crawl Stone Soup version 0.25.1-2-g60ff931df9 (webtiles) character file.

Game seed: 5103070705406759439

312 MenacingMecha the Vexing (level 6, -4/48 HPs)
             Began as a Deep Elf Enchanter on Nov 2, 2020.
             Slain by a mummy (8 damage)
             ... in an ossuary.
             The game lasted 00:15:41 (4564 turns).

MenacingMecha the Vexing (Deep Elf Enchanter)       Turns: 4564, Time: 00:15:42

Health: -4/48      AC: 23    Str: 11    XL:     6   Next: 18%
Magic:  5/13       EV:  2    Int: 20    God:
Gold:   171        SH:  0    Dex: 17    Spells: 2/11 levels left

rFire    . . .     SeeInvis .   a - +1 dagger
rCold    . . .     Gourm    .   (no shield)
rNeg     + + +     Faith    .   (armour currently unavailable)
rPois    +         Spirit   .   (helmet currently unavailable)
rElec    .         Reflect  .   (cloak currently unavailable)
rCorr    .         Harm     .   (gloves currently unavailable)
MR       .....     NoTele   +   (boots currently unavailable)
Stlth    +++.......             m - amulet of regeneration
HPRegen  0.56/turn              w - +6 ring of strength
MPRegen  0.13/turn              s - +4 ring of evasion

@: tree-form, very slightly contaminated
A: no striking features
a: no special abilities


You were in an ossuary.
You were hungry.
You were a tree.
You visited 1 branch of the dungeon, and saw 4 of its levels.
You also visited: Ossuary.

You collected 171 gold pieces.

Inventory:

Hand Weapons
 a - a +1 dagger (weapon)
 b - a -1 hunting sling
 q - a +0 rapier
Missiles
 f - 2 javelins
 j - 91 stones (quivered)
 o - 39 sling bullets
Armour
 i - a +0 robe (melded)
 l - a +1 helmet (melded)
Jewellery
 g - an uncursed ring of see invisible
 m - an amulet of regeneration (around neck)
 s - a +4 ring of evasion (right branch)
 w - a +6 ring of strength (left branch)
Wands
 u - a wand of polymorph (5)
Scrolls
 c - 3 scrolls of identify
 h - 2 scrolls of remove curse
 k - a scroll of blinking
 p - a scroll of enchant armour
Potions
 t - a potion of magic {unknown}
 v - a potion of curing {unknown}
Comestibles
 d - 4 rations
 r - a chunk of flesh


   Skills:
 - Level 1.0 Short Blades
 - Level 2.4 Dodging
 + Level 6.1 Stealth
 - Level 3.3 Spellcasting
 + Level 6.3 Hexes
 + Level 3.1 Ice Magic


You had 2 spell levels left.
You knew the following spells:

 Your Spells              Type           Power        Failure   Level  Hunger
a - Ensorcelled Hibernat  Hex/Ice        ###...       3%          2    ##.....
b - Corona                Hex            ####...      1%          1    None
c - Tukima's Dance        Hex            ####....     3%          3    ###....
d - Confusing Touch       Hex            ####....     3%          3    ###....

Your spell library contained the following spells:

 Spells                   Type           Power        Failure   Level  Hunger
 Dazzling Flash           Conj/Hex       ###...       11%         3    ###....


Dungeon Overview and Level Annotations

Branches:
Dungeon (4/15)            Ossuary (1/1)
 Temple: D:4-7

Altars:
Makhleb
Okawaru
Zin

Annotations:
D:4 exclusion: 2 orcs


Message History

The mummy is almost destroyed.
The mummy completely misses you.
You catch the helpless mummy completely off-guard!
You puncture the mummy!
You destroy the mummy!
The mummy hits you!
* * * LOW HITPOINT WARNING * * *
It was a potion of cancellation.
You feel magically purged.
Really quaff the potion of lignification?
You turn into a tree.
Your +1 helmet melds into your body.
Your +0 robe melds into your body.
Your roots penetrate the ground.
The mummy hits you but does no damage.
Okay, then.
Sorry, you're not good enough to have a special ability.
Casting: Confusing Touch (dangerous; 3% risk of failure)
Confirm with . or Enter, or press ? or * to list all spells.
You miscast Confusing Touch.
You are very lightly contaminated with residual magic.
Nothing appears to happen.
The mummy hits you!
You die...

#######
#.#.#.#
#.....#
#...#
#.∩.#
#...#
#.M.#
#♣..#
##+##


You could see a mummy.

Vanquished Creatures
  A scorpion (D:4)
  A bullfrog skeleton (D:4)
  A centaur skeleton (D:4)
  2 mummies (Ossuary)
  6 gnolls
  4 adders
  A worm (D:2)
  3 dart slugs
  2 leopard geckos
  4 orcs
  5 giant cockroaches
  9 hobgoblins
  12 jackals
  4 quokkas
  10 bats
  4 frilled lizards
  6 goblins
  A kobold (D:2)
  4 rats
80 creatures vanquished.

Notes
Turn   | Place    | Note
-------+----------+-------------------------------------------
     0 | D:1      | MenacingMecha the Deep Elf Enchanter began the quest for
                  | the Orb.
     0 | D:1      | Reached XP level 1. HP: 10/10 MP: 6/6
   698 | D:1      | Reached XP level 2. HP: 15/15 MP: 5/8
   735 | D:1      | Learned a level 2 spell: Ensorcelled Hibernation
  1720 | D:2      | Reached XP level 3. HP: 19/19 MP: 9/9
  1734 | D:2      | Learned a level 3 spell: Tukima's Dance
  2355 | D:2      | Reached skill level 5 in Hexes
  3153 | D:3      | Reached skill level 1 in Ice Magic
  3153 | D:3      | Reached XP level 4. HP: 24/24 MP: 8/11
  3158 | D:3      | Learned a level 3 spell: Confusing Touch
  3245 | D:3      | Reached skill level 5 in Stealth
  3632 | D:2      | Reached XP level 5. HP: 15/28 MP: 7/12
  3806 | D:3      | Found an iron altar of Okawaru.
  4232 | D:4      | Found a burning altar of Makhleb.
  4232 | D:4      | Found a glowing silver altar of Zin.
  4233 | D:4      | Noticed an angel
  4233 | D:4      | Noticed an Executioner
  4364 | D:4      | Reached XP level 6. HP: 23/32 MP: 7/13
  4530 | D:4      | Found a sand-covered staircase.
  4535 | Ossuary  | Entered an ossuary
  4561 | Ossuary  | HP: 1/32 [mummy (15)]
  4564 | Ossuary  | Slain by a mummy

Illustrated notes

Levels and vault maps discovered:
D:1:      minmay_arrival_doors, layout_basic
D:2:      layout_basic, chequers_serial_rivers_small_b
D:3:      layout_loops_ring, okawaru_metal_pillars_1_2
D:4:      layout_rooms, grunt_temple_overflow_order_and_chaos_2,
          enter_ossuary_2, abandoned_shop
Ossuary:  ossuary_minmay_chase

Skill      XL: |  1  2  3  4  5  6 |
---------------+-------------------+-----
Stealth        | 4 5 6 |  6.1
Hexes          | 5 6 |  6.3
Ice Magic      | 1 2 3 |  3.1
Short Blades   | |  1.0
Dodging        | |  2.4
Spellcasting   | |  3.3

Action                   |  1- 3 |  4- 6 || total
-------------------------+-------+-------++-------
Melee: Dagger            |   122 |    91 ||   213
Throw: Stone             |     9 |     9 ||    18
 Cast: Corona            |     9 |       ||     9
       Ensorcelled Hiber |    49 |    28 ||    77
       Confusing Touch   |       |     4 ||     4
  Use: Scroll            |     2 |     6 ||     8
       Potion            |       |     2 ||     2
 Stab: Sleeping          |    31 |    27 ||    58
       Distracted        |     1 |     1 ||     2
       Confused          |       |     6 ||     6
  Eat: Chunk             |     9 |     5 ||    14
Armor: Robe              |    33 |     7 ||    40
       Skin              |       |     1 ||     1
Dodge: Dodged            |   142 |    61 ||   203
